 Dungeon Crawl Stone Soup version 0.30-a0-374-g95c0257040 (webtiles) character file.

Game seed: 6566755730204382168

213 Elric the Magician (level 5, -2/28 HPs)
             Began as a Deep Elf Fire Elementalist on Nov 25, 2022.
             Slain by Terence
             ... wielding a +0 flail
              (8 damage)
             ... on level 3 of the Dungeon.
             The game lasted 00:01:11 (2918 turns).

Elric the Magician (Deep Elf Fire Elementalist)     Turns: 2918, Time: 00:01:11

Health: -2/28      AC:  3    Str:  5    XL:     5   Next: 59%
Magic:  4/14       EV: 12    Int: 22    God:
Gold:   141        SH:  0    Dex: 15    Spells: 13/14 levels left

rFire   . . .      SeeInvis .    (no weapon)
rCold   . . .      Faith    .    (no shield)
rNeg    . . .      Spirit   .    a - +0 robe
rPois   .          Reflect  .    (no helmet)
rElec   .          Harm     .    (no cloak)
rCorr   .          Rampage  .    (no gloves)
Will    .....                    c - +0 pair of boots
Stlth   ++........               (no amulet)
HPRegen 0.24/turn                (no ring)
MPRegen 0.14/turn                (no ring)

@: no status effects
A: no striking features
a: no special abilities


You were on level 3 of the Dungeon.
You visited 1 branch of the dungeon, and saw 3 of its levels.

You collected 141 gold pieces.

Inventory:

Armour
 a - a +0 robe (worn)
 c - a +0 pair of boots (worn)
Jewellery
 l - a ring of positive energy
 o - a ring of flight
Scrolls
 d - a scroll of torment {unknown}
 f - 5 scrolls of identify {unknown}
 h - 2 scrolls of teleportation {unknown}
 i - a scroll of butterflies {unknown}
 m - a scroll of immolation {unknown}
 n - a scroll of vulnerability {unknown}
 q - a scroll of enchant weapon {unknown}
 r - a scroll of magic mapping {unknown}
 s - a scroll of blinking {unknown}
Potions
 b - a potion of magic
 e - a potion of degeneration {unknown}
 g - 3 potions of curing
 j - 2 potions of might {unknown}
 k - a potion of ambrosia {unknown}
 p - 2 potions of heal wounds {unknown}


   Skills:
 - Level 2.4 Dodging
 - Level 2.4 Stealth
 + Level 5.1 Spellcasting
 + Level 3.5 Conjurations
 + Level 4.8 Fire Magic


You had 13 spell levels left.
You knew the following spells:

 Your Spells              Type           Power      Damage    Failure   Level
a - Foxfire               Conj/Fire      96%        2x1d8     1%          1

Your spell library contained the following spells:

 Spells                   Type           Power      Damage    Failure   Level
 Scorch                   Fire           52%        2d7       1%          2
 Static Discharge         Conj/Air       26%        2-4/arc   8%          2
 Apportation              Tloc           10%        N/A       10%         1
 Inner Flame              Hex/Fire       16%        N/A       11%         3
 Kindle Blastsparks       Fire/Tloc/Air  24%        2d12      16%         3
 Flame Wave               Conj/Fire      24%        2d8       19%         4
 Vhi's Electric Charge    Tloc/Air       10%        N/A       30%         3
 Arcjolt                  Conj/Air       6%         1d16      80%         5
 Lightning Bolt           Conj/Air       6%         1d18      80%         5
 Alistair's Intoxication  Tmut/Pois      3%         N/A       95%         5


Dungeon Overview and Level Annotations

Branches:
Dungeon (3/15)

Altars:
Kikubaaqudgha

Annotations:
D:3 2 transporters, Terence; drbonez's ghost, amateur MiFi


Message History

Casting: Foxfire (safe; 1% risk of failure)
Confirm with . or Enter, or press ? or * to list all spells.
You conjure some foxfire!
Terence misses you.
The foxfire hits Terence!
Terence is heavily wounded.
The foxfire hits Terence but does no damage.
Terence is heavily wounded.
Terence hits you but does no damage.
Casting: Foxfire (safe; 1% risk of failure)
Confirm with . or Enter, or press ? or * to list all spells.
You conjure some foxfire!
Terence closely misses you.
The foxfire hits Terence but does no damage.
Terence is heavily wounded.
The foxfire hits Terence but does no damage.
Terence is heavily wounded.
Terence hits you with a +0 flail.
Casting: Foxfire (safe; 1% risk of failure)
Confirm with . or Enter, or press ? or * to list all spells.
You conjure some foxfire!
Terence hits you with a +0 flail!
The foxfire hits Terence.
Terence is heavily wounded.
The foxfire hits Terence.
Terence is heavily wounded.
Terence barely misses you.
Casting: Foxfire (safe; 1% risk of failure)
Confirm with . or Enter, or press ? or * to list all spells.
You conjure some foxfire!
Terence shouts, "DIE!!!"
Terence hits you with a +0 flail!
* * * LOW HITPOINT WARNING * * *
The foxfire hits Terence but does no damage.
Terence is heavily wounded.
The foxfire hits Terence.
Terence is severely wounded.
Terence says, "Rest in peace."
Terence hits you but does no damage.
Casting: Foxfire (safe; 1% risk of failure)
Confirm with . or Enter, or press ? or * to list all spells.
You conjure some foxfire!
Terence hits you with a +0 flail!
You die...

#. ##.....[###.###
..#######<...#.........
#......#....##....)†...
######......#........)>..
##...#.......#####...#.)..
#............###..........
.................###.#.#.#
........§.....### #.....#
....†....@v...... ....#..
#........@v..#####.>...##.
##...#.......# #...#.. .
########.#### #........
#..># .... ###.# #.#. ...
#.#. ..... ##... ....^..
#....


You could see Terence (ally target).

Vanquished Creatures
  Sigmund (D:3)
  An adder (D:2)
  A dart slug (D:1)
  2 orcs (D:3)
  4 bats
  3 endoplasms
  3 giant cockroaches
  2 goblins (D:3)
  4 hobgoblins
  2 quokkas
  2 ball pythons
  4 frilled lizards
  3 kobolds
  6 rats
38 creatures vanquished.

Vanquished Creatures (others)
  221 foxfires
221 creatures vanquished.

Grand Total: 259 creatures vanquished

Notes
Turn   | Place    | Note
-------+----------+-------------------------------------------
     0 | D:1      | Elric the Deep Elf Fire Elementalist began the quest for
                  | the Orb.
     0 | D:1      | Reached XP level 1. HP: 10/10 MP: 6/6
   350 | D:1      | Reached XP level 2. HP: 15/15 MP: 5/8
   949 | D:1      | Found a faded altar of an unknown god.
  1291 | D:2      | Reached XP level 3. HP: 19/19 MP: 7/10
  2366 | D:3      | Found an ancient bone altar of Kikubaaqudgha.
  2568 | D:3      | Reached skill level 4 in Spellcasting
  2572 | D:3      | Noticed Sigmund
  2578 | D:3      | Killed Sigmund
  2579 | D:3      | Reached skill level 5 in Spellcasting
  2579 | D:3      | Reached XP level 4. HP: 24/24 MP: 5/13
  2579 | D:3      | Reached XP level 5. HP: 28/28 MP: 5/14
  2741 | D:3      | Found a transporter.
  2760 | D:3      | Noticed drbonez's ghost (amateur MiFi)
  2789 | D:3      | Found a transporter.
  2887 | D:3      | Noticed Terence
  2918 | D:3      | Slain by Terence

Illustrated notes

Levels and vault maps discovered:
D:1:      dpeg_arrival_tiny_b, layout_basic, shapermc_ecumenical_altar_ellora
D:2:      layout_rooms, serial_co_window_serial, co_window_of_opportunity_a,
          co_window_of_opportunity_a, co_window_of_opportunity_a,
          co_window_corner_a, co_window_of_opportunity_a, co_window_2corner,
          co_window_paths_c, co_window_broadway_a, co_window_sun,
          co_window_4corner_b, glass_columns_b
D:3:      layout_rooms, mainiacjoe_overflow_surrounded_room,
          mainiacjoe_overflow_brackets, gammafunk_ghost_stat_death,
          uniq_terence, uniq_sigmund

Skill      XL: |  1  2  3 |
---------------+----------+-----
Conjurations   | 2 3 |  3.5
Spellcasting   | 5 |  5.1
Fire Magic     | 4 |  4.8
Dodging        | |  2.4
Stealth        | |  2.4

Action                   |  1- 3 |  4- 6 || total
-------------------------+-------+-------++-------
 Cast: Foxfire           |    97 |    35 ||   132
Armor: Robe              |     2 |     3 ||     5
Dodge: Dodged            |     4 |    11 ||    15

Table legend: (Time is in decaauts)
 A = Elapsed time spent in this place.
 B = Non-inter-level travel time spent in this place.
 C = Inter-level travel time spent in this place.
 D = Time resting spent in this place.
 E = Time spent auto-exploring this place.
 F = Levels seen in this place.
 G = Mean time per level.
                   A        B        C        D        E       F      G
               +--------+--------+--------+--------+--------+-----+--------+
         Total |   2918 |   2774 |    144 |      0 |   2416 |   3 |  972.7 |
       Dungeon |   2918 |   2774 |    144 |      0 |   2416 |   3 |  972.7 |
               +--------+--------+--------+--------+--------+-----+--------+

Top non-repeatable levels by time:
     D:1: 1173 daAuts
     D:2: 1060 daAuts
     D:3: 684 daAuts
